 Dungeon Crawl Stone Soup version 0.23-a0-539-g3f6f39f (webtiles) character file.

387 Leeroy the Charmwright (level 6, -4/51 HPs)
             Began as a Gnoll Skald on Dec 6, 2018.
             Was a Follower of Vehumet.
             Slain by a worker ant (6 damage)
             ... on level 5 of the Dungeon on Dec 7, 2018.
             The game lasted 00:17:15 (2868 turns).

Leeroy the Charmwright (Gnoll Skald)                Turns: 2868, Time: 00:17:16

Health: -4/51      AC:  8    Str: 15    XL:     6   Next: 78%
Magic:  2/12       EV: 13    Int: 23    God:    Vehumet [*.....]
Gold:   227        SH:  4    Dex: 14    Spells: 3/15 levels left

rFire    . . .     SeeInvis .   a - +0 falchion
rCold    . . .     Gourm    .   w - +0 buckler
rNeg     . . .     Faith    .   x - +0 ring mail
rPois    .         Spirit   .   (no helmet)
rElec    .         Reflect  .   y - +0 cloak
rCorr    .         Harm     .   k - +0 pair of gloves
MR       .....                  (no boots)
Stlth    +.........             (no amulet)
HPRegen  0.17/turn              (no ring)
MPRegen  0.13/turn              (no ring)

@: brilliant, lethally poisoned (-4 -> -9), very slightly contaminated
A: distributed training, fangs 1, clever 1, low mp 1, strong nose
a: Renounce Religion


You were on level 5 of the Dungeon.
You worshipped Vehumet.
Vehumet was aware of your devotion.
You were very hungry.

You visited 1 branch of the dungeon, and saw 5 of its levels.

You collected 227 gold pieces.

Inventory:

Hand Weapons
 a - a +0 falchion (weapon)
 m - a +0 spear
 s - a +0 dagger
 z - a +0 war axe
 E - a +0 hunting sling
 F - a +0 spear
 M - a +0 rapier
Missiles
 e - 44 arrows
 f - 138 stones (quivered)
 g - 15 poisoned needles
 l - 20 sling bullets
 H - 33 bolts
 I - 6 javelins
Armour
 b - a +0 leather armour
 k - a +0 pair of gloves (worn)
 p - a +0 chain mail
 t - a +0 robe
 v - a +0 chain mail
 w - a +0 buckler (worn)
 x - a +0 ring mail (worn)
 y - a +0 cloak (worn)
 A - a +0 leather armour
 L - a +0 pair of gloves
 R - a +0 scale mail
Jewellery
 J - a +6 ring of strength {unknown}
 N - an uncursed amulet of harm {unknown}
Wands
 i - a wand of enslavement (8)
 S - a wand of acid (15)
Scrolls
 c - 4 scrolls of remove curse {unknown}
 h - 2 scrolls of blinking {unknown}
 o - 5 scrolls of identify
 r - a scroll of teleportation {unknown}
 B - a scroll of random uselessness {unknown}
 C - 2 scrolls of magic mapping {unknown}
 D - a scroll of enchant weapon {unknown}
 G - a scroll of fog {unknown}
 O - a scroll of enchant armour {unknown}
 P - a scroll of amnesia {unknown}
Potions
 j - a potion of lignification {unknown}
 n - 2 potions of mutation
 u - a potion of magic
Comestibles
 d - 6 rations


   Skills:
 + Level 5.0 Fighting
 + Level 2.1 Short Blades
 + Level 5.0 Long Blades
 + Level 2.1 Axes
 + Level 2.1 Maces & Flails
 + Level 2.1 Polearms
 + Level 2.1 Staves
 + Level 2.1 Slings
 + Level 2.1 Bows
 + Level 2.1 Crossbows
 + Level 2.1 Throwing
 + Level 3.3 Armour
 + Level 5.0 Dodging
 + Level 2.1 Stealth
 + Level 2.1 Shields
 + Level 2.1 Unarmed Combat
 + Level 5.4 Spellcasting
 + Level 1.6 Conjurations
 + Level 1.6 Hexes
 + Level 5.7 Charms
 + Level 1.6 Summonings
 + Level 1.6 Necromancy
 + Level 1.6 Translocations
 + Level 1.6 Transmutations
 + Level 1.6 Fire Magic
 + Level 1.6 Ice Magic
 + Level 1.6 Air Magic
 + Level 1.6 Earth Magic
 + Level 1.6 Poison Magic
 + Level 2.3 Invocations
 + Level 2.1 Evocations


You had 3 spell levels left.
You knew the following spells:

 Your Spells              Type           Power        Failure   Level  Hunger
a - Infusion              Chrm           ####         1%          1    None
b - Song of Slaying       Chrm           #####...     1%          2    None
c - Shroud of Golubria    Chrm/Tloc      #####.....   1%          2    None
d - Regeneration          Chrm/Necr      #####.....   1%          3    ##.....
e - Spectral Weapon       Hex/Chrm       #####...     1%          3    ##.....
f - Sandblast             Erth           ####..       1%          1    None

Your spell library contained the following spells:

 Spells                   Type           Power        Failure   Level  Hunger


Dungeon Overview and Level Annotations

Branches:
Dungeon (5/15)
 Temple: D:4-7

Altars:
Dithmenos
Elyvilon
Makhleb
Ru
Vehumet
Yredelemnul


Innate Abilities, Weirdness & Mutations

Your experience applies equally to all skills.
You have very sharp teeth.
Your uncanny sense of smell can sniff out nearby items.
Your mind is acute. (Int +2)
Your magical capacity is low. (-10% MP)


Message History

Unknown command.
Casting: Regeneration (safe; 21% risk of failure)
Confirm with . or Enter, or press ? or * to list all spells.
Okay, then.
You hit the worker ant but do no damage.
You bite the worker ant, but do no damage.
The worker ant is severely wounded.
You feel sick. The leopard gecko misses you.
You riposte.
You hit the leopard gecko.
The leopard gecko is heavily wounded.
The worker ant bites you.
* * * LOW HITPOINT WARNING * * *
The leopard gecko bites you.
* * * LOW HITPOINT WARNING * * *
Unknown command.
It was a potion of brilliance.
You feel clever all of a sudden.
* * * LOW HITPOINT WARNING * * *
You feel sick. The worker ant bites you.
You die...

#?..... ...# .....
...# .... ...# ...#
...###. #####...
....... ......
.#####.#######.# .#
..##..$........##l#
..............#.@.#
.###..........#a###
.#########...†..#
...........######
############ #


You could see a worker ant and a leopard gecko.

Vanquished Creatures
  An ice beast (D:5)
  A scorpion (D:5)
  Jessica (D:3)
  2 worker ants (D:4)
  Ijyb (D:3)
  3 gnolls (D:5)
  A howler monkey skeleton (D:4)
  4 adders
  2 worms
  7 dart slugs
  4 leopard geckos
  An orc (D:4)
  6 bats
  8 giant cockroaches
  2 goblins
  5 hobgoblins
  2 jackals (D:1)
  A quokka (D:3)
  A ball python (D:1)
  4 frilled lizards
  4 kobolds
  4 rats
65 creatures vanquished.

Notes
Turn   | Place    | Note
-------+----------+-------------------------------------------
     0 | D:1      | Leeroy the Gnoll Skald began the quest for the Orb.
     0 | D:1      | Reached XP level 1. HP: 20/20 MP: 6/6
    72 | D:1      | Reached XP level 2. HP: 20/26 MP: 7/7
   246 | D:1      | Learned a level 2 spell: Song of Slaying
   249 | D:1      | Learned a level 2 spell: Shroud of Golubria
   397 | D:1      | Reached XP level 3. HP: 19/31 MP: 9/9
   465 | D:2      | Reached skill level 5 in Spellcasting
   479 | D:2      | Learned a level 3 spell: Regeneration
   483 | D:2      | Learned a level 3 spell: Spectral Weapon
   535 | D:2      | Found a sacrificial altar of Ru.
   667 | D:2      | Found a shadowy altar of Dithmenos.
   799 | D:2      | Found a radiant altar of Vehumet.
   815 | D:2      | Became a worshipper of Vehumet
   849 | D:2      | Reached skill level 1 in Invocations
  1205 | D:3      | Noticed Ijyb
  1205 | D:3      | Noticed Jessica
  1246 | D:2      | Found a basalt altar of Yredelemnul.
  1249 | D:2      | Found a burning altar of Makhleb.
  1254 | D:2      | Upgraded the game from 0.23-a0-519-ga799fc4 to
                  | 0.23-a0-539-g3f6f39f
  1503 | D:3      | Killed Jessica
  1503 | D:3      | Reached skill level 1 in Short Blades
  1503 | D:3      | Reached skill level 1 in Axes
  1503 | D:3      | Reached skill level 1 in Maces & Flails
  1503 | D:3      | Reached skill level 1 in Polearms
  1503 | D:3      | Reached skill level 1 in Staves
  1503 | D:3      | Reached skill level 1 in Slings
  1503 | D:3      | Reached skill level 1 in Bows
  1503 | D:3      | Reached skill level 1 in Crossbows
  1503 | D:3      | Reached skill level 1 in Throwing
  1503 | D:3      | Reached skill level 1 in Stealth
  1503 | D:3      | Reached skill level 1 in Shields
  1503 | D:3      | Reached skill level 1 in Unarmed Combat
  1503 | D:3      | Reached skill level 1 in Evocations
  1503 | D:3      | Reached XP level 4. HP: 35/38 MP: 3/11
  1506 | D:3      | Killed Ijyb
  1508 | D:3      | Reached skill level 1 in Conjurations
  1508 | D:3      | Reached skill level 1 in Hexes
  1508 | D:3      | Reached skill level 1 in Summonings
  1508 | D:3      | Reached skill level 1 in Necromancy
  1508 | D:3      | Reached skill level 1 in Translocations
  1508 | D:3      | Reached skill level 1 in Transmutations
  1508 | D:3      | Reached skill level 1 in Fire Magic
  1508 | D:3      | Reached skill level 1 in Ice Magic
  1508 | D:3      | Reached skill level 1 in Air Magic
  1508 | D:3      | Reached skill level 1 in Earth Magic
  1508 | D:3      | Reached skill level 1 in Poison Magic
  1685 | D:3      | Reached XP level 5. HP: 29/43 MP: 12/12
  2068 | D:4      | Reached * piety under Vehumet
  2068 | D:4      | Offered knowledge of Sandblast by Vehumet.
  2089 | D:4      | Learned a level 1 spell: Sandblast
  2349 | D:4      | Found a white marble altar of Elyvilon.
  2772 | D:5      | Entered Level 5 of the Dungeon
  2779 | D:5      | Noticed an ice beast
  2788 | D:5      | Reached XP level 6. HP: 43/50 MP: 9/13
  2831 | D:5      | Gained mutation: Your magical capacity is low. (-10% MP)
                  | [potion of mutation]
  2831 | D:5      | Gained mutation: Your mind is acute. (Int +2) [potion of
                  | mutation]
  2837 | D:5      | Killed an ice beast
  2837 | D:5      | Reached skill level 5 in Fighting
  2837 | D:5      | Reached skill level 5 in Long Blades
  2837 | D:5      | Reached skill level 5 in Dodging
  2868 | D:5      | HP: 2/51 [poisoned by a worker ant]
  2868 | D:5      | Slain by a worker ant

Vault maps used:
D:1:      dpeg_arrival_pits
D:2:      nicolae_overflow_crystal_walls, lemuel_coloured_pillars_altar,
          nicolae_overflow_hidden_temple, fiery_altar_vehumet
D:3:      uniq_ijyb, uniq_jessica
D:4:      lemuel_crystal_altar
D:5:      grunt_qazlal_sundering, first_ration, uniq_pikel

Skill      XL: |  1  2  3  4  5  6 |
---------------+-------------------+-----
Spellcasting   | 5 |  5.4
Invocations    | 1 2 |  2.3
Short Blades   | 1 2 |  2.1
Axes           | 1 2 |  2.1
Maces & Flails | 1 2 |  2.1
Polearms       | 1 2 |  2.1
Staves         | 1 2 |  2.1
Slings         | 1 2 |  2.1
Bows           | 1 2 |  2.1
Crossbows      | 1 2 |  2.1
Throwing       | 1 2 |  2.1
Stealth        | 1 2 |  2.1
Shields        | 1 2 |  2.1
Unarmed Combat | 1 2 |  2.1
Evocations     | 1 2 |  2.1
Conjurations   | 1 |  1.6
Hexes          | 1 |  1.6
Summonings     | 1 |  1.6
Necromancy     | 1 |  1.6
Translocations | 1 |  1.6
Transmutations | 1 |  1.6
Fire Magic     | 1 |  1.6
Ice Magic      | 1 |  1.6
Air Magic      | 1 |  1.6
Earth Magic    | 1 |  1.6
Poison Magic   | 1 |  1.6
Armour         | 3 |  3.3
Fighting       | 5 |  5.0
Long Blades    | 5 |  5.0
Dodging        | 5 |  5.0
Charms         | |  5.7

Action                   |  1- 3 |  4- 6 || total
-------------------------+-------+-------++-------
Melee: Falchion          |    68 |   137 ||   205
       Bite              |     6 |    13 ||    19
Throw: Stone             |     1 |       ||     1
 Cast: Infusion          |     5 |       ||     5
       Regeneration      |     1 |     3 ||     4
       Spectral Weapon   |     1 |     1 ||     2
       Sandblast         |       |     9 ||     9
  Use: Scroll            |     1 |       ||     1
       Potion            |       |     7 ||     7
 Stab: Sleeping          |       |     1 ||     1
       Distracted        |       |     1 ||     1
  Eat: Chunk             |     1 |     5 ||     6
Armor: Leather armour    |    20 |       ||    20
       Ring mail         |     2 |    71 ||    73
Dodge: Dodged            |    77 |   108 ||   185
Block: Buckler           |     2 |    44 ||    46
       Rpst.: Falchion   |    18 |    34 ||    52

Table legend:
 A = Non-vault XP
 B = Vault XP
 C = Vault XP percentage of total XP
 D = Non-vault monster count
 E = Vault monster count
 F = Vault count percentage of total count
                 A         B        C        D         E       F
            +---------+---------+-------+---------+---------+-------
      Total |     482 |      72 |  13.0 |      63 |       2 |   3.1
            +---------+---------+-------+---------+---------+-------
        D:1 |      36 |       0 |   0.0 |      17 |       0 |   0.0
        D:2 |      23 |       0 |   0.0 |      13 |       0 |   0.0
        D:3 |      44 |      72 |  62.1 |      14 |       2 |  12.5
        D:4 |     130 |       0 |   0.0 |      12 |       0 |   0.0
        D:5 |     249 |       0 |   0.0 |       7 |       0 |   0.0
            +---------+---------+-------+---------+---------+-------
